 Dungeon Crawl Stone Soup version 0.21-a0-632-g1e37ce5 (webtiles) character file.

143 hyperaryth the Stinger (level 4, 0/33 HPs)
             Began as a Demigod Venom Mage on Dec 27, 2017.
             Killed by nerve-wracking pain
             ... invoked by Dustman's ghost
              (9 damage)
             ... on level 3 of the Dungeon.
             The game lasted 00:09:02 (2733 turns).

hyperaryth the Stinger (Demigod Venom Mage)         Turns: 2733, Time: 00:09:04

Health: 0/33       AC:  2    Str: 11    XL:     4   Next: 76%
Magic:  9/9        EV: 12    Int: 21    God:
Gold:   101        SH:  0    Dex: 16    Spells: 2/6 levels left

rFire    . . .     SeeInvis .   f - +1 dagger (venom)
rCold    . . .     Gourm    .   (no shield)
rNeg     . . .     Faith    .   a - +0 robe
rPois    .         Spirit   .   (no helmet)
rElec    .         Reflect  .   (no cloak)
rCorr    .         Harm     .   (no gloves)
MR       .....                  (no boots)
Stlth    ++........             (no amulet)
HPRegen  0.11/turn              (no ring)
MPRegen  0.11/turn              (no ring)

@: no status effects
A: high mp 1
a: no special abilities


You were on level 3 of the Dungeon.
You were not hungry.

You visited 1 branch of the dungeon, and saw 3 of its levels.

You collected 101 gold pieces.

Inventory:

Hand Weapons
 f - a +1 dagger of venom (weapon)
 r - a +0 quarterstaff
Armour
 a - a +0 robe (worn)
Jewellery
 k - a cursed ring of loudness {unknown}
Scrolls
 d - a scroll of identify {unknown}
 e - a scroll of remove curse {unknown}
 g - a scroll of fog {unknown}
 h - a scroll of blinking {unknown}
 j - a scroll of immolation {unknown}
 m - a scroll of amnesia {unknown}
 p - 3 scrolls of random uselessness {unknown}
Potions
 i - a potion of flight {unknown}
 l - a potion of heal wounds {unknown}
 n - 2 potions of brilliance {unknown}
 o - 2 potions of curing {unknown}
Books
 b - a Young Poisoner's Handbook

   Spells                             Type                      Level
   a - Sting                          Conjuration/Poison           1
   b - Poisonous Vapours              Poison/Air                   2
   c - Mephitic Cloud                 Conjuration/Poison/Air       3
   d - Olgreb's Toxic Radiance        Poison                       4
   e - Venom Bolt                     Conjuration/Poison           5
Comestibles
 c - 6 rations
 q - 2 chunks of flesh


   Skills:
 - Level 1.7 Dodging
 - Level 1.7 Stealth
 - Level 1.7 Spellcasting
 - Level 0.8 Conjurations
 + Level 5.2 Poison Magic


You had 2 spell levels left.
You knew the following spells:

 Your Spells              Type           Power        Failure   Level  Hunger
a - Sting                 Conj/Pois      ##..         4%          1    #......
b - Mephitic Cloud        Conj/Pois/Air  ##......     19%         3    ###....


Dungeon Overview and Level Annotations

Branches:
Dungeon (3/15)

Annotations:
D:3 Dustman's ghost, weakling HuNe


Innate Abilities, Weirdness & Mutations

You have an increased reservoir of magic. (+10% MP)


Message History

An orc priest and a player ghost come into view.
The orc hits you with a dagger.
Found an escape hatch in the ceiling.
The orc priest shouts!
You hit the orc.
The orc is poisoned.
The orc is moderately wounded.
The orc hits you with a dagger. The orc closely misses you.
You kill the orc!
Dustman's ghost misses you.
Things that are here:
a short sword; a leather armour
Things that are here:
a dagger; a robe; a leather armour Dustman's ghost casts a spell at you.
Pain shoots through your body!
* * * LOW HITPOINT WARNING * * *
Dustman's ghost points at you and mumbles some strange words.
Pain shoots through your body!
You die...

#.....#.##########
.#.#...#.##........
.......#.##........
##...............>.
......<#.##........
#.......#........
#.........#
#.#.#...###########
#...)..o)W..@...#
###.#.#.#######.#
#...........# #.#
#.#o#.#####.# #.#
.....#... #.#
#.#.####### #.#
...#' #.# .#. ..
#.# # .. #.#


You could see an orc priest and Dustman's ghost.

Vanquished Creatures
  An orc priest (D:3)
  An orc wizard (D:3)
  An adder (D:2)
  An ooze (D:1)
  A worm (D:2)
  3 dart slugs (D:1)
  A leopard gecko (D:2)
  2 orcs (D:3)
  2 ball pythons (D:1)
  5 giant cockroaches
  4 hobgoblins
  7 jackals
  11 bats
  A frilled lizard (D:2)
  8 goblins
  12 kobolds
  7 rats
68 creatures vanquished.

Notes
Turn   | Place    | Note
-------+----------+-------------------------------------------
     0 | D:1      | hyperaryth the Demigod Venom Mage began the quest for the Orb.
     0 | D:1      | Reached XP level 1. HP: 14/14 MP: 5/5
    75 | D:1      | Reached skill level 3 in Poison Magic
   214 | D:1      | Reached XP level 2. HP: 16/20 MP: 1/7
   848 | D:1      | Reached XP level 3. HP: 25/26 MP: 8/8
   975 | D:1      | Reached skill level 4 in Poison Magic
  2327 | D:2      | Reached XP level 4. HP: 33/33 MP: 9/9
  2580 | D:3      | Learned a level 3 spell: Mephitic Cloud
  2631 | D:3      | Reached skill level 5 in Poison Magic
  2722 | D:3      | Noticed Dustman's ghost (weakling HuNe)
  2733 | D:3      | Killed from afar by Dustman's ghost

Vault maps used:
D:1:      saegor_arrival_simple_f, hex_medium, corexii_leaking_fountain
D:2:      first_ration
D:3:      st_stairs_12

Skill      XL: |  1  2  3  4 |
---------------+-------------+-----
Poison Magic   | 3 4 5 |  5.2
Dodging        | |  1.7
Stealth        | |  1.7
Spellcasting   | |  1.7
Conjurations   | |  0.8

Action                   |  1- 3 |  4- 6 || total
-------------------------+-------+-------++-------
Melee: Unarmed           |    10 |       ||    10
       Dagger            |   130 |    26 ||   156
 Cast: Sting             |    25 |     2 ||    27
 Stab: Sleeping          |     3 |     1 ||     4
  Eat: Chunk             |     5 |     1 ||     6
Armor: Robe              |    36 |     5 ||    41
Dodge: Dodged            |   113 |    16 ||   129

Table legend:
 A = Spawn XP
 B = Non-spawn XP
 C = Spawn XP percentage of total XP
 D = Spawn monster count
 E = Non-spawn monster count
 F = Spawn count percentage of total count
 G = Total turns spent on level
                    A         B        C        D         E        F      G
               +---------+---------+-------+---------+---------+-------+---------
         Total |       0 |     205 |   0.0 |       0 |      67 |   0.0 |  2733
               +---------+---------+-------+---------+---------+-------+---------
           D:1 |       0 |      58 |   0.0 |       0 |      31 |   0.0 |  1416
           D:2 |       0 |      63 |   0.0 |       0 |      30 |   0.0 |  1118
           D:3 |       0 |      84 |   0.0 |       0 |       6 |   0.0 |   199
               +---------+---------+-------+---------+---------+-------+---------
